 Dungeon Crawl Stone Soup version 0.30-a0-365-ge7f957f1db (webtiles) character file.

Game seed: 10517861172973773654

4537 qeuew the Trooper (level 10, -7/79 HPs)
             Began as a Demonspawn Chaos Knight on Nov 17, 2022.
             Was a Plaything of Xom.
             Mangled by an orc warrior
             ... wielding a +0 glaive
              (14 damage)
             ... in a bailey.
             The game lasted 00:12:40 (6437 turns).

qeuew the Trooper (Demonspawn Chaos Knight)         Turns: 6437, Time: 00:12:40

Health: -7/79      AC: 31    Str: 16    XL:     10   Next: 17%
Magic:  10/10      EV:  6    Int: 13    God:    Xom [....*.]
Gold:   613        SH:  0    Dex: 12    Spells: 9/9 levels left

rFire   . . .      SeeInvis .    a - +1 hand axe (chaos)
rCold   . . .      Faith    .    (no shield)
rNeg    + . .      Spirit   .    d - +15 Maxwell's patent armour {-Cast -Tele rElec Will+ rCorr}
rPois   .          Reflect  .    (no helmet)
rElec   +          Harm     .    m - +2 cloak
rCorr   +          Rampage  .    (no gloves)
Will    +....      NoTele   +    (no boots)
Stlth   .......... NoCast   +    (no amulet)
HPRegen 0.33/turn                g - ring of positive energy
MPRegen 0.12/turn                (no ring)

@: no status effects
A: ignite blood 2, spiny 1, demonic touch 2, clumsy 1, deterioration 1, wild
magic 1, MP-powered wands
a: Renounce Religion


You were in a bailey.
You worshipped Xom.
You were a beloved toy of Xom.
You visited 1 branch of the dungeon, and saw 8 of its levels.
You also visited: Ossuary and Bailey.

You collected 710 gold pieces.
You spent 97 gold pieces at shops.

Inventory:

Hand Weapons
 a - a +1 hand axe of chaos (weapon)
Missiles
 b - a throwing net
Armour
 d - the +15 Maxwell's patent armour (worn) {-Cast -Tele rElec Will+ rCorr}
   (You acquired it on level 2 of the Dungeon)

   rElec:     It insulates you from electricity.
   -Cast:     It prevents spellcasting.
   -Tele:     It prevents most forms of teleportation.
   rCorr:     It protects you from acid and corrosion.
   Will:      It increases your willpower.
 m - a +2 cloak (worn)
Jewellery
 g - a ring of positive energy (left hand)
Wands
 p - a wand of flame (42)
 r - a wand of polymorph (10)
Scrolls
 h - 7 scrolls of teleportation
 j - a scroll of fear
 l - 2 scrolls of enchant armour
 n - a scroll of amnesia
 v - a scroll of blinking
 y - 2 scrolls of enchant weapon
Potions
 e - a potion of flight
 f - 2 potions of resistance
 k - 6 potions of curing
 q - a potion of brilliance
 s - a potion of might
Miscellaneous
 c - a piece from Xom's chessboard (15/15) (quivered)


   Skills:
 + Level 7.4 Fighting
 + Level 6.7 Axes
 + Level 6.3 Armour
 + Level 6.0 Dodging
 + Level 6.4 Evocations


You had 9 spell levels left.
You didn't know any spells.
Your spell library contained the following spells:

 Spells                   Type           Power      Damage    Failure   Level
 Blink                    Tloc           0%         N/A       100%        2
 Momentum Strike          Conj/Tloc      0%         3d8       100%        2
 Sublimation of Blood     Necr           0%         N/A       100%        2
 Inner Flame              Hex/Fire       0%         N/A       100%        3
 Lesser Beckoning         Tloc           0%         N/A       100%        3
 Cause Fear               Hex            0%         N/A       100%        4
 Petrify                  Tmut/Erth      0%         N/A       100%        4
 Irradiate                Conj/Tmut      0%         3d11      100%        5
 Summon Forest            Summ/Tloc      0%         N/A       100%        5
 Summon Mana Viper        Hex/Summ       0%         N/A       100%        5
 Summon Cactus Giant      Summ           0%         N/A       100%        6
 Discord                  Hex            0%         N/A       100%        8


Dungeon Overview and Level Annotations

Branches:
Dungeon (8/15)             Temple (0/1) D:7         Ossuary (visited)
 Bailey (1/1)
   Lair: D:8-11

Altars:
Ashenzari
Fedhas
Gozag
Hepliaklqana
Qazlal
Ru
Xom
Yredelemnul

Shops:
D:2 [   D:6 =   D:7 *


Innate Abilities, Weirdness & Mutations

Your demonic aura often causes spilled blood to erupt in flames.
You are partially covered in sharp spines.
Your touch may inflict irresistible damage on your foes.
You are clumsy. (Dex -2)
Your body sometimes deteriorates upon taking damage.
Your spells are a little harder to cast, but a little more powerful.
You expend magic power (3 MP) to strengthen your wands.


Message History

The orc warrior hits you from afar with a +0 trident.
Unknown command.
The orc warrior hits you with a +0 trident.
The orc warrior barely misses you.
There is an open door here.
Things that are here:
a +0 halberd; a +0 scale mail You hit the orc warrior but do no damage.
Space warps around the orc warrior.
The orc warrior is lightly wounded.
The orc warrior barely misses you.
The orc warrior hits you but does no damage.
You closely miss the orc warrior.
The orc warrior is lightly wounded.
The orc warrior hits you but does no damage.
You hit the orc warrior but do no damage.
Lightning courses through the orc warrior!
Your touch misses the orc warrior.
The orc warrior is severely wounded.
The orc warrior hits you from afar with a +0 trident.
The orc warrior barely misses you.
You hit the orc warrior but do no damage.
You touch the orc warrior!
The orc warrior is almost dead.
The orc warrior no longer looks unusually strong.
The orc warrior hits you from afar with a +0 trident.
The orc warrior completely misses you.
You hit the orc warrior.
You kill the orc warrior!
The orc warrior hits you from afar with a +0 trident.
You slash the orc warrior! You freeze the orc warrior.
You touch the orc warrior!
The orc warrior is severely wounded.
The orc warrior is engulfed in blazing flames.
The orc warrior hits you from afar with a +0 trident!!
* * * LOW HITPOINT WARNING * * *
The orc warrior hits you but does no damage.
The orc warrior attacks as you move away!
The orc warrior hits you with a +0 glaive!
You die...

##.........##
##..~~~~~~~..##
##..~~§§§..~~..##
##########..~~§.###..~~..###
#..........)~§.##,##..~~....
#.~~~~~~~~~~..##.∩.##§.)~~~~
#.~.§§.....§.##.....##§.....
#.~§#############+###§######
#.§§##.....@#.§.......#*,,,,
#.~..##..)##oo≈≈≈≈§≈≈..#*,,,
#.~§..##.##§.≈≈.....≈≈..#*,#
##.~~..#+#......⌠∩⌠......#'#
#∩.~~..#+#..≈≈...⌠..§§≈..#'#
#.~~..##.##..≈≈§....§≈..+#.#
#.~..##.$.##..≈§≈.≈≈§§§##...
#.~.##.$$,,##.§.§...§§##....
#.))#############+##########


You could see 2 orc warriors.

Vanquished Creatures
  A two-headed ogre (D:8)
  An orc knight (Bailey)
  An ugly thing (D:8)
  Sigmund (D:5)
  2 wraiths (D:8)
  A steam dragon (D:7)
  Grum (D:8)
  Menkaure (D:5)
  A water moccasin (D:5)
  6 orc warriors (Bailey)
  An ogre (D:6)
  A tengu (D:7)
  2 sky beasts
  3 wolves (D:8)
  4 centaurs
  2 necrophages
  A gnoll sergeant (D:7)
  4 bullfrogs
  2 scorpions
  Dowan (D:5)
  2 howler monkeys
  A jelly (D:7)
  3 hounds
  Crazy Yiuf (D:5)
  4 orc priests
  2 orc wizards
  8 mummies (Ossuary)
  10 adders
  12 gnolls
  A shadow imp (D:8)
  A white imp (D:8)
  An ufetubus (D:4)
  4 dart slugs
  32 orcs
  2 ball pythons (D:3)
  4 bats (D:1)
  6 endoplasms
  A giant cockroach (D:2)
  7 goblins
  5 hobgoblins
  2 quokkas
  2 frilled lizards
  A gnoll zombie (Ossuary)
  3 hobgoblin zombies (Ossuary)
  6 kobolds
  A kobold zombie (Ossuary)
  3 orc zombies (Ossuary)
  3 rats
165 creatures vanquished.

Vanquished Creatures (collateral kills)
  Duvessa (D:5)
1 creature vanquished.

Vanquished Creatures (others)
  An orc (D:7)
  A goblin (D:2)
  5 plants (D:7)
7 creatures vanquished.

Grand Total: 173 creatures vanquished

Notes
Turn   | Place    | Note
-------+----------+-------------------------------------------
     0 | D:1      | qeuew the Demonspawn Chaos Knight began the quest for the
                  | Orb.
     0 | D:1      | Reached XP level 1. HP: 18/18 MP: 1/1
    37 | D:1      | Reached skill level 1 in Dodging
   206 | D:1      | XOM: smoke on damage
   208 | D:1      | Gained mutation: Your demonic aura sometimes causes spilled
                  | blood to erupt in flames. [demonic ancestry]
   208 | D:1      | Reached XP level 2. HP: 15/24 MP: 2/2
   543 | D:1      | You fall into a shaft and drop 1 floor!
   828 | D:2      | Gained mutation: Your demonic aura often causes spilled
                  | blood to erupt in flames. [demonic ancestry]
   828 | D:2      | Reached XP level 3. HP: 12/29 MP: 3/3
   854 | D:2      | XOM: silly message
   920 | D:2      | XOM: silly message
   997 | D:2      | Found Rienouzi's Antique Armour Shoppe.
  1159 | D:2      | Reached skill level 1 in Evocations
  1384 | D:2      | XOM: 6-stop teleportation journey
  1423 | D:2      | XOM: cloud trail
  1765 | D:2      | Identified a scroll of acquirement
  1765 | D:2      | Acquired the +15 Maxwell's patent armour {-Cast -Tele rElec
                  | Will+ rCorr}
  1765 | D:2      | Found the +15 Maxwell's patent armour {-Cast -Tele rElec
                  | Will+ rCorr}
  1828 | D:3      | Found a shimmering altar of Xom.
  1830 | D:3      | Found a blossoming altar of Fedhas.
  1849 | D:3      | Gained mutation: You are partially covered in sharp spines.
                  | [demonic ancestry]
  1849 | D:3      | Reached XP level 4. HP: 35/35 MP: 4/4
  2048 | D:3      | Reached XP level 5. HP: 42/42 MP: 5/5
  2374 | D:3      | Found a faded altar of an unknown god.
  2450 | D:3      | XOM: god gift: +1 barding of cold resistance
  2568 | D:4      | XOM: god gift: fuming green potion {god gift}
  2683 | D:4      | XOM: give mutations
  2683 | D:4      | Gained mutation: You have large cloven feet. [Xom's grace]
  2683 | D:4      | Gained mutation: Your flesh is cold resistant. (rC+) [Xom's
                  | grace]
  2734 | D:4      | XOM: cloud trail
  2769 | D:4      | Found an opulent altar of Gozag.
  2807 | D:4      | Reached skill level 4 in Fighting
  2859 | D:4      | Found a broken altar of Ashenzari.
  3024 | D:4      | XOM: swap monsters
  3037 | D:4      | Reached XP level 6. HP: 48/48 MP: 6/6
  3235 | D:5      | Entered Level 5 of the Dungeon
  3277 | D:5      | Noticed a water moccasin
  3284 | D:5      | Killed a water moccasin
  3363 | D:5      | Noticed Sigmund
  3375 | D:5      | Killed Sigmund
  3376 | D:5      | Reached XP level 7. HP: 54/55 MP: 7/7
  3549 | D:5      | Noticed Duvessa
  3549 | D:5      | XOM: summons 6 friendly demons
  3549 | D:5      | Noticed Dowan
  3554 | D:5      | Killed Duvessa
  3557 | D:5      | Killed Dowan
  3558 | D:5      | Reached skill level 5 in Fighting
  3695 | D:5      | Found a runed translucent door.
  3696 | D:5      | Noticed Crazy Yiuf
  3750 | D:5      | XOM: noise
  3759 | D:5      | XOM: god gift: scroll labelled YMUOTZURUX {god gift}
  3847 | D:5      | Noticed Menkaure
  3850 | D:5      | Killed Menkaure
  3851 | D:5      | Reached XP level 8. HP: 62/62 MP: 8/8
  4236 | D:5      | Killed Crazy Yiuf
  4292 | D:5      | XOM: noise
  4380 | D:6      | Reached skill level 5 in Axes
  4508 | D:6      | Found Quxzaqy's Jewellery Shop.
  4745 | D:6      | Found a faded altar of an unknown god.
  4745 | D:6      | Found a hazy altar of Hepliaklqana.
  4747 | D:6      | Found a faded altar of an unknown god.
  4865 | D:7      | XOM: draining
  4972 | D:7      | XOM: divination: detect items
  4976 | D:7      | XOM: swap monsters
  4982 | D:7      | Reached skill level 6 in Fighting
  4987 | D:7      | Found a staircase to the Ecumenical Temple.
  4987 | D:7      | XOM: confusion
  4992 | D:7      | XOM: polymorph steam dragon -> tengu
  4998 | D:7      | Reached skill level 5 in Armour
  5019 | D:7      | Gained mutation: Your touch may inflict minor irresistible
                  | damage on your foes. [demonic ancestry]
  5019 | D:7      | Reached XP level 9. HP: 39/69 MP: 9/9
  5050 | D:7      | Found a sand-covered staircase.
  5057 | Ossuary  | Entered an ossuary
  5093 | Ossuary  | Reached skill level 5 in Evocations
  5242 | Ossuary  | Lost mutation: You have large cloven feet. [potion of
                  | mutation]
  5242 | Ossuary  | Lost mutation: Your flesh is cold resistant. (rC+) [potion
                  | of mutation]
  5242 | Ossuary  | Gained mutation: You have hidden genetic defects. [potion
                  | of mutation]
  5242 | Ossuary  | Gained mutation: You are weak. (Str -2) [potion of
                  | mutation]
  5243 | Ossuary  | Lost mutation: You are weak. (Str -2) [potion of mutation]
  5243 | Ossuary  | Lost mutation: You have hidden genetic defects. [potion of
                  | mutation]
  5243 | Ossuary  | Gained mutation: Your spells are a little harder to cast,
                  | but a little more powerful. [potion of mutation]
  5243 | Ossuary  | Gained mutation: Your body sometimes deteriorates upon
                  | taking damage. [potion of mutation]
  5243 | Ossuary  | Gained mutation: You expend magic power (3 MP) to
                  | strengthen your wands. [potion of mutation]
  5376 | D:7      | XOM: give mutation
  5376 | D:7      | Gained mutation: You are clumsy. (Dex -2) [Xom's mischief]
  5388 | D:7      | Found a sacrificial altar of Ru.
  5512 | D:7      | Found Zeiry's General Store.
  5521 | D:7      | Reached skill level 5 in Dodging
  5547 | D:7      | XOM: silly message
  5568 | D:7      | Found a stormy altar of Qazlal.
  5569 | D:7      | Bought a scroll of blinking for 97 gold pieces
  5658 | D:7      | Found a basalt altar of Yredelemnul.
  5660 | D:7      | Noticed a profane servitor
  5892 | D:7      | Noticed an angel
  5971 | D:8      | XOM: noise
  5972 | D:8      | Noticed Grum
  5973 | D:8      | Noticed a purple ugly thing
  5981 | D:8      | Killed Grum
  5984 | D:8      | XOM: potion effect (might)
  5984 | D:8      | Killed a purple ugly thing
  5985 | D:8      | Reached skill level 7 in Fighting
  6021 | D:8      | Noticed a two-headed ogre
  6024 | D:8      | XOM: scenery: summon butterflies
  6053 | D:8      | XOM: divine lightning
  6053 | D:8      | Killed a two-headed ogre
  6073 | D:8      | Found a flagged portal.
  6093 | Bailey   | Entered a bailey
  6166 | Bailey   | XOM: silly message
  6191 | Bailey   | Gained mutation: Your touch may inflict irresistible damage
                  | on your foes. [demonic ancestry]
  6191 | Bailey   | Reached XP level 10. HP: 78/79 MP: 10/10
  6336 | Bailey   | XOM: cloud trail
  6392 | Bailey   | Noticed an orc knight
  6406 | Bailey   | XOM: divine lightning
  6408 | Bailey   | XOM: divination: magic mapping
  6429 | Bailey   | Killed an orc knight
  6437 | Bailey   | Mangled by an orc warrior

Illustrated notes

Levels and vault maps discovered:
D:1:      wander_arrival_peaceful_grave, layout_basic
D:2:      layout_basic, serial_shops, nicolae_lakefront_shop,
          nicolae_figureground_sparkle
D:3:      layout_loops_ring, chequers_temple_overflow_statue_of_worship,
          shapermc_ecumenical_altar_totnotflames, grunt_decor_clamped
D:4:      layout_basic, nicolae_gozag_seed_capital, ashenzari_altar_1,
          minmay_misc_feat_four_crosses
D:5:      layout_loops_ring, minmay_statues_item, roderic_lattice_a,
          corexii_leaking_fountain, uniq_duvessa, uniq_sigmund,
          uniq_crazy_yiuf_cottage, uniq_menkaure
D:6:      layout_basic, nicolae_hepliaklqana_ecumenical_no_more, serial_shops,
          nicolae_shop_temple_entry_statues_fountains
D:7:      layout_gridville, grunt_temple_overflow_holy_war,
          mainiacjoe_overflow_tiny_flanked, mainiacjoe_overflow_cross_hatched,
          minmay_temple_entry_gardened_gates, serial_shops, shop,
          enter_ossuary_3
D:8:      kennysheep_blocky_room, layout_layer_cave, enter_bailey_5, uniq_grum,
          uniq_pikel, uniq_erica, uniq_prince_ribbit1
Bailey:   bailey_polearm_1, bailey

Skill      XL: |  1  2  3  4  5  6  7  8  9 10 |
---------------+-------------------------------+-----
Dodging        | 1 2 3 4 5 6 |  6.0
Armour         | 2 3 4 5 6 |  6.3
Axes           | 3 4 5 6 |  6.7
Evocations     | 1 2 3 4 6 |  6.4
Fighting       | 4 5 6 7 |  7.4

Action                   |  1- 3 |  4- 6 |  7- 9 | 10-12 || total
-------------------------+-------+-------+-------+-------++-------
Melee: Hand axe          |    93 |    80 |   205 |    59 ||   437
       Punch             |       |     1 |     3 |     1 ||     5
       Kick              |       |     9 |    41 |       ||    50
       Touch             |       |       |    22 |     8 ||    30
Evoke: Piece from Xom's  |     3 |       |       |       ||     3
  Use: Scroll            |     5 |     8 |     6 |       ||    19
       Potion            |     5 |     2 |     6 |     1 ||    14
 Stab: Paralysed         |     1 |     2 |       |       ||     3
       Confused          |       |     2 |       |       ||     2
       Distracted        |       |       |     1 |       ||     1
Armor: Leather armour    |     6 |       |       |       ||     6
       Ring mail         |    38 |       |       |       ||    38
       Plate armour      |     4 |    59 |   245 |    56 ||   364
Dodge: Dodged            |    55 |    11 |    64 |    19 ||   149

Table legend: (Time is in decaauts)
 A = Elapsed time spent in this place.
 B = Non-inter-level travel time spent in this place.
 C = Inter-level travel time spent in this place.
 D = Time resting spent in this place.
 E = Time spent auto-exploring this place.
 F = Levels seen in this place.
 G = Mean time per level.
                   A        B        C        D        E       F      G
               +--------+--------+--------+--------+--------+-----+--------+
         Total |   6495 |   6208 |    287 |     17 |   4909 |  10 |  649.5 |
       Dungeon |   5934 |   5647 |    287 |     17 |   4593 |   8 |  741.8 |
       Ossuary |    206 |    206 |      0 |      0 |    124 |   1 |  206.0 |
        Bailey |    354 |    354 |      0 |      0 |    192 |   1 |  354.0 |
               +--------+--------+--------+--------+--------+-----+--------+

Top non-repeatable levels by time:
     D:5: 1073 daAuts
     D:2: 1043 daAuts
     D:7: 929 daAuts
     D:1: 773 daAuts
     D:3: 732 daAuts
     D:4: 707 daAuts
     D:6: 479 daAuts
  Bailey: 354 daAuts
 Ossuary: 206 daAuts
     D:8: 195 daAuts
